 Dungeon Crawl Stone Soup version 0.31.0-12-g77e489cdc1 (webtiles) character file.

Game seed: 4615319232610613427

91 Silvore the Covered (level 4, -1/35 HPs)
             Began as a Demonspawn Fighter on Feb 15, 2024.
             Slain by a gnoll
             ... wielding a +2 halberd of freezing
              (12 damage)
             ... on level 2 of the Dungeon.
             The game lasted 00:02:05 (1280 turns).

Silvore the Covered (Demonspawn Fighter)            Turns: 1280, Time: 00:02:06

Health: -1/35      AC: 11    Str: 24    XL:     4   Next: 34%
Magic:  4/4        EV:  6    Int:  8    God:
Gold:   57         SH:  5    Dex: 13    Spells: 3/3 levels left

rFire   . . .        a - +0 long sword
rCold   + . .        m - +1 buckler {rC+}
rNeg    . . .        k - +0 plate armour
rPois   .            (no helmet)
rElec   .            (no cloak)
rCorr   .            (no gloves)
SInv    .            (no boots)
Will    .....        (no amulet) Stlth
                     f - +4 ring of slaying
HPRegen 0.25/turn    h - +6 ring of strength
MPRegen 0.09/turn

%: no passive effects
@: no status effects
A: hooves 2, foul stench 1
a: no special abilities


You were on level 2 of the Dungeon.
You visited 1 branch of the dungeon, and saw 2 of its levels.

You collected 57 gold pieces.

Inventory:

Hand Weapons
 a - a +0 long sword (weapon)
Armour
 b - a +0 scale mail
 c - a +0 buckler
 k - a +0 plate armour (worn)
 m - a +1 buckler of cold resistance (worn)
Jewellery
 f - a +4 ring of slaying (left hand)
 h - a +6 ring of strength (right hand)
 i - a +4 ring of slaying
Scrolls
 g - a scroll of teleportation {unknown}
 l - a scroll of identify {unknown}
Potions
 e - a potion of heal wounds {unknown}
 j - a potion of haste {unknown}


   Skills:
 + Level 3.5 Fighting
 + Level 2.3 Long Blades
 + Level 3.6 Armour
 + Level 0.7 Dodging
 + Level 3.0 Shields


You had 3 spell levels left.
You didn't know any spells.
Your spell library contained the following spells:

 Spells                   Type           Power      Damage    Failure   Level
 Sandblast                Erth           0%         2d4       100%        1
 Call Canine Familiar     Summ           0%         N/A       100%        3
 Passwall                 Erth           0%         N/A       100%        3
 Sigil of Binding         Hex            0%         N/A       100%        3
 Stone Arrow              Conj/Erth      0%         3d7       100%        3
 Brom's Barrelling Bould  Conj/Erth      0%         2d3       100%        4
 Dimensional Bullseye     Hex/Tloc       0%         N/A       100%        4


Dungeon Overview and Level Annotations

Branches:
Dungeon (2/15)

Altars:

Shops:
D:2 (


Innate Abilities, Weirdness & Mutations

You have hoof-like feet.
You may rarely emit foul miasma when damaged in melee.


Message History

A gnoll is nearby!
A gnoll comes into view. It is wielding a +0 halberd.
The gnoll shouts!
You hear a shout!
A gnoll comes into view.
It is wielding a +2 halberd of freezing.
Found 4 stones.
The gnoll shouts!
The gnoll hits you but does no damage.
You hit the gnoll. You kick the gnoll!
You kill the gnoll!
The gnoll hits you from afar with a +0 halberd.
The gnoll hits you but does no damage.
The gnoll hits you from afar with a +2 halberd of freezing.
The gnoll completely misses you.
You see here a +0 club.
You hit the gnoll.
The gnoll is lightly wounded.
The gnoll hits you from afar with a +2 halberd of freezing!
The gnoll freezes you. The gnoll hits you with a +0 halberd.
You hit the gnoll. Your kick misses the gnoll.
The gnoll is heavily wounded.
The gnoll hits you from afar with a +2 halberd of freezing.
The gnoll freezes you. You block the gnoll's attack.
You hit the gnoll.
The gnoll is almost dead.
The gnoll hits you but does no damage.
The gnoll hits you from afar with a +2 halberd of freezing.
* * * LOW HITPOINT WARNING * * *
You hit the gnoll.
You kill the gnoll!
You block the gnoll's attack. The gnoll hits you but does no damage.
The gnoll barely misses you.
Things that are here:
a +0 halberd; a gnoll corpse You hit the gnoll.
The gnoll is moderately wounded.
The gnoll hits you but does no damage.
You slash the gnoll! You kick the gnoll.
The gnoll is almost dead.
The gnoll hits you with a +2 halberd of freezing!
You die...

#############
#.....)@g..(#
#######.#########.#
..........#
#######.#.#
#####.#.#####
#............ ####
#.###.####.#.# .#
...###.###.#
#.#.##.##
.#.##...##.#
#.......#


You could see a gnoll.

Vanquished Creatures
  Jessica (D:2)
  2 gnolls (D:2)
  An adder (D:2)
  A dart slug (D:2)
  3 ball pythons
  An endoplasm (D:1)
  3 goblins
  5 hobgoblins
  2 jackals (D:1)
  3 kobolds (D:1)
  A quokka (D:1)
  3 bats (D:1)
  5 frilled lizards
  6 rats
37 creatures vanquished.

Notes
Turn   | Place    | Note
-------+----------+-------------------------------------------
     0 | D:1      | Silvore the Demonspawn Fighter began the quest for the Orb.
     0 | D:1      | Reached XP level 1. HP: 18/18 MP: 1/1
    87 | D:1      | Found a faded altar of an unknown god.
   189 | D:1      | Gained mutation: You have large cloven feet. [demonic
                  | ancestry]
   189 | D:1      | Reached XP level 2. HP: 23/24 MP: 2/2
   761 | D:2      | Gained mutation: You have hoof-like feet. [demonic
                  | ancestry]
   761 | D:2      | Reached XP level 3. HP: 29/29 MP: 3/3
  1030 | D:2      | Found Voidul's Weapon Emporium.
  1139 | D:2      | Noticed Jessica
  1148 | D:2      | Killed Jessica
  1150 | D:2      | Gained mutation: You may rarely emit foul miasma when
                  | damaged in melee. [demonic ancestry]
  1150 | D:2      | Reached XP level 4. HP: 12/35 MP: 4/4
  1280 | D:2      | Slain by a gnoll

Illustrated notes

Levels and vault maps discovered:
D:1:      ncdulo_watergridlock, layout_loops_ring,
          hellmonk_ecumenical_altar_zigzags, nicolae_twisty_statue_hallways
D:2:      layout_loops_ring, serial_shops, shop, uniq_jessica

Skill      XL: |  1  2  3 |
---------------+----------+-----
Armour         | 3 |  3.6
Long Blades    | 2 |  2.3
Shields        | 3 |  3.0
Fighting       | |  3.5
Dodging        | |  0.7

Action                     |  1- 3 |  4- 6 || total
---------------------------+-------+-------++-------
  Melee: Long sword        |    73 |     7 ||    80
         Kick              |     6 |     2 ||     8
    Use: Scroll            |     2 |       ||     2
         Potion            |     1 |       ||     1
 Armour: Scale mail        |    39 |       ||    39
         Plate armour      |    17 |    12 ||    29
  Dodge: Dodged            |    28 |     2 ||    30
  Block: Buckler           |    22 |     2 ||    24
